 Dungeon Crawl Stone Soup version 0.20.1-1-g8b1a95d (webtiles) character file.

7 Gargoyl the Grave Robber (level 1, 0/7 HPs)
             Began as a Felid Necromancer on July 26, 2017.
             Slain by a leopard gecko (3 damage)
             ... on level 3 of the Dungeon.
             The game lasted 00:01:37 (354 turns).

Gargoyl the Grave Robber (Felid Necromancer)         Turns: 354, Time: 00:01:38

Health: 0/7        AC:  1    Str:  4    XL:     1   Next: 83%
Magic:  0/4        EV: 18    Int: 16    God:
Gold:   8          SH:  0    Dex: 16    Spells: 2/4 levels left
                                        Lives:  0   Deaths: 0

rFire    . . .     SeeInvis +   (weapon unavailable)
rCold    . . .     Gourm    .   (shield unavailable)
rNeg     . . .     Faith    .   (armour unavailable)
rPois    .         Spirit   .   (helmet unavailable)
rElec    .         Reflect  .   (cloak unavailable)
rCorr    .         Harm     .   (gloves unavailable)
MR       .....                  (boots unavailable)
Stlth    +++.......             (no amulet)
Regen    0.1/turn               (no ring)
MPRegen  0.1/turn               (no ring)

@: quick
A: no armour, no weapons or thrown items, stealth, claws 1, fangs 3, see
invisible, carnivore 3, speed 1, shaggy fur 1, slow metabolism 1, sharp paws
a: no special abilities


You were on level 3 of the Dungeon.
You were not hungry.

You visited 1 branch of the dungeon, and saw 4 of its levels.

You collected 8 gold pieces.

Inventory:

Scrolls
 c - a scroll of remove curse {unknown}
Books
 a - a book of Necromancy

   Spells                             Type                      Level
   a - Pain                           Necromancy                   1
   b - Animate Skeleton               Necromancy                   1
   c - Vampiric Draining              Necromancy                   3
   d - Regeneration                   Charms/Necromancy            3
   e - Animate Dead                   Necromancy                   4
   f - Control Undead                 Necromancy                   4
Comestibles
 b - a meat ration
 d - a royal jelly


   Skills:
 + Level 2.8 Dodging
 + Level 2.6 Stealth
 + Level 2.1 Spellcasting
 + Level 4.2 Necromancy


You had 2 spell levels left.
You knew the following spells:

 Your Spells              Type           Power        Failure   Level  Hunger
a - Pain                  Necr           ###.         3%          1    #......
b - Animate Skeleton      Necr           N/A          3%          1    #......


Dungeon Overview and Level Annotations

Branches:
Dungeon (4/15)
 Temple: D:4-7

Altars:
Sif Muna


Innate Abilities, Weirdness & Mutations

You cannot wear armour.
You are incapable of wielding weapons or throwing items.
Your paws allow you to move quietly. (Stealth)
You have sharp claws.
You have razor-sharp teeth.
You have supernaturally acute eyesight. (SInv)
You are carnivorous and can eat meat at any time.
You cover ground quickly.
You are covered in fur. (AC +1)
You have a slow metabolism.
Your sharp claws are effective at attacking unaware monsters.


Message History

Confirm with . or Enter, or press ? or * to list all spells.
Aiming: Pain
Press: ? - help, Shift-Dir - straight line, f - leopard gecko
Aim: a leopard gecko (clinging, chance to defeat MR: 85%)
The leopard gecko barely resists.
You closely miss the leopard gecko. Your bite misses the leopard gecko.
The leopard gecko closely misses you.
You scratch the leopard gecko.
The leopard gecko is severely wounded.
The leopard gecko misses you.
You miss the leopard gecko.
The leopard gecko is severely wounded.
The leopard gecko bites you but does no damage.
You barely miss the leopard gecko.
The leopard gecko is severely wounded.
The leopard gecko closely misses you.
You scratch the leopard gecko but do no damage.
The leopard gecko is severely wounded.
The leopard gecko bites you.
You die...

##.##.%....#
.......>##.#
#.g.....##.#
#....#.....#
#..........#
#..##.#)##.#
#. ..$#.# .#
##.####l# #
#.....@#
########


You could see a leopard gecko.

Vanquished Creatures
  A goblin (D:3)
  A hobgoblin (D:3)
  A frilled lizard (D:2)
  2 kobolds
5 creatures vanquished.

Vanquished Creatures (collateral kills)
  A leopard gecko (D:2)
1 creature vanquished.

Grand Total: 6 creatures vanquished

Notes
Turn   | Place    | Note
-------+----------+-------------------------------------------
     0 | D:1      | Gargoyl the Felid Necromancer began the quest for the Orb.
     0 | D:1      | Reached XP level 1. HP: 7/7 MP: 4/4
   196 | D:2      | Found a deep blue altar of Sif Muna.
   220 | D:2      | Learned a level 1 spell: Animate Skeleton
   331 | D:2      | You fall through a shaft for 2 floors!
   354 | D:3      | Slain by a leopard gecko

Action                   || total
-------------------------++-------
Melee: Unarmed           ||     9
 Cast: Pain              ||     9
       Animate Skeleton  ||     1
  Eat: Chunk             ||     1
Armor: Skin              ||     1
Dodge: Dodged            ||     8
